 Dungeon Crawl Stone Soup version 0.23.2-1-ga50397a (webtiles) character file.

Game seed: 8170222855897868946

38081 IBeShadow the Thaumaturge (level 14, -1/109 HPs)
             Began as a Gnoll Skald on May 29, 2019.
             Was a High Priest of Cheibriados.
             Slain by a minotaur
             ... wielding a +0 broad axe of freezing
              (18 damage)
             ... in a Gauntlet.
             The game lasted 00:44:35 (17976 turns).

IBeShadow the Thaumaturge (Gnoll Skald)            Turns: 17976, Time: 00:44:38

Health: -1/109     AC: 18    Str: 33    XL:     14   Next: 0%
Magic:  14/28      EV: 25    Int: 34    God:    Cheibriados [*****.]
Gold:   1153       SH:  0    Dex: 34    Spells: 22/33 levels left

rFire    + . .     SeeInvis .   R - +1 broad axe of Disgust {elec, rC+ Str+4 Dex+2}
rCold    + + .     Gourm    .   (no shield)
rNeg     . . .     Faith    .   W - +0 steam dragon scales
rPois    .         Spirit   .   q - +1 helmet
rElec    +         Reflect  .   Z - scarf {rC+ rF+}
rCorr    .         Harm     .   m - +0 pair of gloves of Freedom {rElec Int+4}
MR       +....     NoTele   +   X - +0 pair of boots
Stlth    +++++.....             (no amulet)
HPRegen  1.28/turn              y - +6 ring of protection
MPRegen  0.21/turn              e - +6 ring of dexterity

@: very slightly contaminated, regenerating, very slow
A: distributed training, fangs 1, strong nose
a: Bend Time, Temporal Distortion, Slouch, Step From Time, Renounce Religion


You were in a Gauntlet.
You worshipped Cheibriados.
Cheibriados was extremely pleased with you.
You were not hungry.

You visited 3 branches of the dungeon, and saw 17 of its levels.
You also visited: Gauntlet.

You collected 1153 gold pieces.

Inventory:

Hand Weapons
 J - the +7 hunting sling of Brawling {velocity, MR+ Dex+4 Stlth+}
   (You found it on level 8 of the Dungeon)

   Any stone fired from it inflicts extra damage.
   It affects your dexterity (+4).
   It affects your resistance to hostile enchantments.
   It makes you more stealthy.
 R - the +1 broad axe of Disgust (weapon) {elec, rC+ Str+4 Dex+2}
   (You found it on level 2 of the Lair of Beasts)

   Occasionally, upon striking a foe, it will discharge some electrical energy
   and cause terrible harm.
   It affects your strength (+4).
   It affects your dexterity (+2).
   It protects you from cold.
Missiles
 b - 2 throwing nets (quivered)
 g - 45 sling bullets
 O - 234 stones
Armour
 m - the +0 pair of gloves of Freedom (worn) {rElec Int+4}
   (You found it in a Gauntlet)

   It affects your intelligence (+4).
   It insulates you from electricity.
 q - a +1 helmet (worn)
 x - a +0 pair of gloves of archery
 W - +0 steam dragon scales (worn)
 X - a +0 pair of boots (worn)
 Z - a scarf of resistance (worn)
Jewellery
 e - a +6 ring of dexterity (right hand)
 u - an uncursed ring of resist corrosion
 y - a +6 ring of protection (left hand)
 C - an uncursed ring of protection from magic
Wands
 j - a wand of digging (3)
 z - a wand of iceblast (18)
 H - a wand of paralysis (15)
 L - a wand of polymorph (7)
 M - a wand of enslavement (9)
 P - a wand of flame (16)
 T - a wand of disintegration (10)
Scrolls
 a - a scroll of holy word {unknown}
 c - 2 scrolls of identify
 k - 5 scrolls of teleportation
 n - 5 scrolls of remove curse
 p - a scroll of enchant weapon
 s - 3 scrolls of fog
 w - 3 scrolls of enchant armour
 D - 3 scrolls of blinking
 E - 4 scrolls of immolation
 F - a scroll of brand weapon
 N - 3 scrolls of amnesia
 S - a scroll of silence
 Y - a scroll of vulnerability
Potions
 f - 9 potions of curing
 h - a potion of ambrosia {unknown}
 l - 2 potions of might
 o - 3 potions of flight
 r - a potion of invisibility {unknown}
 v - 2 potions of brilliance
 A - 3 potions of heal wounds
 B - 3 potions of mutation
 G - 4 potions of lignification
 I - 3 potions of resistance {unknown}
 V - a potion of degeneration {unknown}
Miscellaneous
 i - a lightning rod (4/4)
 t - a phial of floods (inert)
Comestibles
 d - 43 rations


   Skills:
 + Level 9.8 Fighting
 + Level 8.6 Short Blades
 + Level 8.6 Long Blades
 + Level 8.6 Axes
 + Level 8.6 Maces & Flails
 + Level 9.8 Polearms
 + Level 8.6 Staves
 + Level 8.6 Slings
 + Level 8.6 Bows
 + Level 8.6 Crossbows
 + Level 8.6 Throwing
 + Level 9.1 Armour
 + Level 9.8 Dodging
 + Level 8.6 Stealth
 + Level 8.6 Shields
 + Level 8.6 Unarmed Combat
 + Level 10.0 Spellcasting
 + Level 7.2 Conjurations
 + Level 7.2 Hexes
 + Level 9.1 Charms
 + Level 7.2 Summonings
 + Level 7.2 Necromancy
 + Level 7.2 Translocations
 + Level 7.2 Transmutations
 + Level 7.2 Fire Magic
 + Level 7.2 Ice Magic
 + Level 7.2 Air Magic
 + Level 7.2 Earth Magic
 + Level 7.2 Poison Magic
 + Level 9.4 Invocations
 + Level 8.6 Evocations


You had 22 spell levels left.
You knew the following spells:

 Your Spells              Type           Power        Failure   Level  Hunger
a - Infusion              Chrm           ####         1%          1    None
b - Song of Slaying       Chrm           ######..     1%          2    None
c - Shroud of Golubria    Chrm/Tloc      ######....   1%          2    None
d - Regeneration          Chrm/Necr      ######....   1%          3    None
e - Mephitic Cloud        Conj/Pois/Air  ######..     1%          3    None

Your spell library contained the following spells:

 Spells                   Type           Power        Failure   Level  Hunger
 Sting                    Conj/Pois      ####         1%          1    None
 Poisonous Vapours        Pois/Air       ######       1%          2    None
 Spectral Weapon          Hex/Chrm       ######..     1%          3    None
 Leda's Liquefaction      Hex/Erth       ######....   1%          4    None
 Olgreb's Toxic Radiance  Pois           ######..     1%          4    None
 Iskenderun's Battlesphe  Conj/Chrm      ######..     2%          5    ##.....
 Bolt of Magma            Conj/Fire/Erth ######....   3%          5    ##.....
 Venom Bolt               Conj/Pois      ######....   3%          5    ##.....
 Iron Shot                Conj/Erth      ######....   22%         6    #####..
 Statue Form              Tmut/Erth      ######...    22%         6    #####..
 Orb of Destruction       Conj           ######....   75%         7    ######.
 Spellforged Servitor     Conj/Summ      ######....   75%         7    ######.
 Shatter                  Erth           ######....   100%        9    #######


Dungeon Overview and Level Annotations

Branches:
Dungeon (11/15)            Temple (1/1) D:7            Lair (5/6) D:11
 Shoals (0/4) Lair:2       Spider (0/4) Lair:4          Orc (0/2) D:11
  Slime: Lair:5-6

Altars:
Ashenzari
Cheibriados
Dithmenos
Elyvilon
Fedhas
Gozag
Hepliaklqana
Kikubaaqudgha
Makhleb
Nemelex Xobeh
Okawaru
Qazlal
Ru
Sif Muna
Trog
Uskayaw
Vehumet
Wu Jian
Xom
Yredelemnul
Zin
The Shining One

Annotations:
Lair:1 1 runed translucent door, Morgon's ghost, journeyman NaTm Gauntlet 8 transporters


Innate Abilities, Weirdness & Mutations

Your experience applies equally to all skills.
You have very sharp teeth.
Your uncanny sense of smell can sniff out nearby items.


Message History

The minotaur closely misses you.
You catch the helpless minotaur completely off-guard!
You hit the minotaur but do no damage.
You bite the minotaur, but do no damage.
The minotaur is lightly wounded.
You slash the minotaur!
The minotaur is moderately wounded.
The minotaur seems less confused.
The minotaur hits you with a +0 broad axe of freezing!
The minotaur freezes you.
* * * LOW HITPOINT WARNING * * *
The minotaur gores you.
* * * LOW HITPOINT WARNING * * *
You barely miss the minotaur.
The minotaur furiously retaliates!
The minotaur headbutts you!
* * * LOW HITPOINT WARNING * * *
You bite the minotaur, but do no damage.
The minotaur is moderately wounded.
The minotaur hits you with a +0 broad axe of freezing!!
You die...

#8#..#.....^ ###..#^.....
#####..#....^.
#≈8≈#..#...... #
#####...#..#©...©. #.
......8.#..#......
##.##.###...#..#......
#8..(.....8.#..#......
#...(@#.#...#..#..^..^
#########H#.#...#..#######
#8[8:8.8#(..#.©.#≈........
#∩.....('(###...#∩........
#8|8}8.8#...#.©.#≈........
#########.#.#...#.§#######
#.....#.#...#..#..#...
#8........8.#..#...#..
##.##.###...#..#...#..


You could see a minotaur.

Vanquished Creatures
  A fire dragon (D:10)
  Josephine (Lair:4)
  7 hydras
  5 two-headed ogres
  A catoblepas (Lair:4)
  3 death yaks (Lair:3)
  An obsidian statue (Gauntlet)
  An orange crystal statue (Gauntlet)
  3 ugly things (D:11)
  5 elephants
  A black mamba (Lair:1)
  7 spiny frogs
  2 centaur skeletons
  A rime drake (Lair:3)
  2 komodo dragons (Lair:2)
  A jumping spider (Lair:4)
  A queen bee (D:8)
  4 polar bears (Lair:2)
  A hornet (D:11)
  3 trolls
  7 blink frogs
  3 hippogriffs
  29 yaks
  3 wraiths (Lair:4)
  A fire elemental (Lair:2)
  A steam dragon (Lair:4)
  A hungry ghost (D:9)
  Duvessa (D:6)
  8 water moccasins
  A hornet zombie (D:3)
  4 ice beasts
  15 porcupines
  3 sky beasts
  4 black bears
  3 orc warriors
  2 ogres
  2 phantoms
  4 wolves (Lair:1)
  2 centaurs
  5 crocodiles
  2 big kobolds
  19 bullfrogs
  A wyvern zombie (D:11)
  Dowan (D:6)
  7 scorpions
  16 killer bees
  2 electric eels
  A howler monkey (D:7)
  5 wights (D:9)
  2 quasits
  2 bullfrog zombies
  2 centaur zombies
  2 crimson imps
  A gnoll shaman (D:6)
  10 hounds
  5 jellies
  4 orc priests
  7 orc wizards
  Jessica (D:2)
  3 iguanas
  8 worker ants
  Robin (D:2)
  20 gnolls
  3 howler monkey skeletons
  12 adders
  A shadow imp (D:9)
  An ooze (D:6)
  2 adder zombies
  2 adder skeletons (D:7)
  4 worms
  2 dart slugs
  9 leopard geckos
  33 orcs
  3 ball pythons
  10 bats
  A giant cockroach (D:3)
  16 goblins
  10 hobgoblins
  2 jackals (D:10)
  8 kobolds
  5 quokkas
  9 frilled lizards
  A leopard gecko skeleton (D:5)
  A leopard gecko zombie (D:6)
  2 quokka zombies
  7 rats
  A butterfly (Lair:3)
  3 fungi
  2 plants
422 creatures vanquished.

Vanquished Creatures (collateral kills)
  2 elephants (Lair:4)
2 creatures vanquished.

Vanquished Creatures (others)
  18 fungi
  10 plants
28 creatures vanquished.

Grand Total: 452 creatures vanquished

Notes
Turn   | Place    | Note
-------+----------+-------------------------------------------
     0 | D:1      | IBeShadow the Gnoll Skald began the quest for the Orb.
     0 | D:1      | Reached XP level 1. HP: 20/20 MP: 6/6
   186 | D:1      | Reached XP level 2. HP: 26/26 MP: 7/7
   840 | D:2      | Reached XP level 3. HP: 31/31 MP: 5/9
   843 | D:2      | Reached skill level 5 in Spellcasting
   876 | D:2      | Found a faded altar of an unknown god.
   897 | D:2      | Noticed Jessica
   906 | D:2      | Killed Jessica
   906 | D:2      | Reached skill level 1 in Short Blades
   906 | D:2      | Reached skill level 1 in Long Blades
   906 | D:2      | Reached skill level 1 in Axes
   906 | D:2      | Reached skill level 1 in Maces & Flails
   906 | D:2      | Reached skill level 1 in Staves
   906 | D:2      | Reached skill level 1 in Slings
   906 | D:2      | Reached skill level 1 in Bows
   906 | D:2      | Reached skill level 1 in Crossbows
   906 | D:2      | Reached skill level 1 in Throwing
   906 | D:2      | Reached skill level 1 in Stealth
   906 | D:2      | Reached skill level 1 in Shields
   906 | D:2      | Reached skill level 1 in Unarmed Combat
   906 | D:2      | Reached skill level 1 in Invocations
   906 | D:2      | Reached skill level 1 in Evocations
   906 | D:2      | Reached XP level 4. HP: 37/38 MP: 6/11
   968 | D:2      | Noticed Robin
  1475 | D:2      | Killed Robin
  1610 | D:2      | Reached skill level 1 in Conjurations
  1610 | D:2      | Reached skill level 1 in Hexes
  1610 | D:2      | Reached skill level 1 in Summonings
  1610 | D:2      | Reached skill level 1 in Necromancy
  1610 | D:2      | Reached skill level 1 in Translocations
  1610 | D:2      | Reached skill level 1 in Transmutations
  1610 | D:2      | Reached skill level 1 in Fire Magic
  1610 | D:2      | Reached skill level 1 in Ice Magic
  1610 | D:2      | Reached skill level 1 in Air Magic
  1610 | D:2      | Reached skill level 1 in Earth Magic
  1610 | D:2      | Reached skill level 1 in Poison Magic
  1764 | D:2      | Reached XP level 5. HP: 39/43 MP: 12/12
  2188 | D:3      | Reached XP level 6. HP: 37/50 MP: 13/13
  2529 | D:3      | Found a glowing silver altar of Zin.
  2662 | D:3      | Reached skill level 5 in Fighting
  2662 | D:3      | Reached skill level 5 in Polearms
  2662 | D:3      | Reached skill level 5 in Dodging
  2973 | D:2      | Learned a level 2 spell: Song of Slaying
  2976 | D:2      | Learned a level 2 spell: Shroud of Golubria
  2980 | D:2      | Learned a level 3 spell: Regeneration
  3443 | D:4      | Reached XP level 7. HP: 56/56 MP: 15/15
  3931 | D:4      | Found a glowing drain.
  4161 | D:5      | Entered Level 5 of the Dungeon
  4161 | D:5      | Found a shimmering altar of Xom.
  4283 | D:5      | Reached XP level 8. HP: 44/63 MP: 16/16
  5097 | D:6      | Reached skill level 6 in Spellcasting
  5427 | D:6      | Noticed Dowan
  5428 | D:6      | Noticed Duvessa
  5443 | D:6      | Killed Dowan
  5445 | D:6      | Killed Duvessa
  5447 | D:6      | Reached XP level 9. HP: 57/69 MP: 5/18
  6138 | D:7      | Found a hazy altar of Hepliaklqana.
  6534 | D:7      | Reached skill level 5 in Armour
  6551 | D:7      | Found a staircase to the Ecumenical Temple.
  6579 | Temple   | Entered the Ecumenical Temple
  6721 | Temple   | Became a worshipper of Cheibriados the Contemplative
  6938 | D:8      | Learned a level 3 spell: Mephitic Cloud
  7029 | D:8      | Got a crystal hunting sling
  7030 | D:8      | Identified the +7 hunting sling of Brawling {velocity, MR+
                  | Dex+4 Stlth+} (You found it on level 8 of the Dungeon)
  7498 | D:8      | Reached * piety under Cheibriados
  7506 | D:8      | Reached skill level 5 in Invocations
  7560 | D:8      | Noticed a queen bee
  7571 | D:8      | Killed a queen bee
  7571 | D:8      | Reached skill level 7 in Spellcasting
  7571 | D:8      | Reached XP level 10. HP: 67/77 MP: 4/20
  8138 | D:9      | Reached skill level 5 in Short Blades
  8138 | D:9      | Reached skill level 5 in Long Blades
  8138 | D:9      | Reached skill level 5 in Axes
  8138 | D:9      | Reached skill level 5 in Maces & Flails
  8138 | D:9      | Reached skill level 5 in Staves
  8138 | D:9      | Reached skill level 5 in Slings
  8138 | D:9      | Reached skill level 5 in Bows
  8138 | D:9      | Reached skill level 5 in Crossbows
  8138 | D:9      | Reached skill level 5 in Throwing
  8138 | D:9      | Reached skill level 5 in Stealth
  8138 | D:9      | Reached skill level 5 in Shields
  8138 | D:9      | Reached skill level 5 in Unarmed Combat
  8138 | D:9      | Reached skill level 5 in Evocations
  8189 | D:9      | Reached ** piety under Cheibriados
  8663 | D:9      | Reached *** piety under Cheibriados
  8835 | D:10     | Entered Level 10 of the Dungeon
  9391 | D:10     | Noticed a two-headed ogre
  9406 | D:10     | Killed a two-headed ogre
  9406 | D:10     | Reached XP level 11. HP: 66/84 MP: 18/22
  9852 | D:10     | Noticed a two-headed ogre
  9853 | D:10     | Noticed a two-headed ogre
  9871 | D:10     | Killed a two-headed ogre
  9910 | D:10     | Killed a two-headed ogre
  9910 | D:10     | Reached skill level 8 in Spellcasting
  9910 | D:10     | Reached skill level 5 in Conjurations
  9910 | D:10     | Reached skill level 5 in Hexes
  9910 | D:10     | Reached skill level 5 in Summonings
  9910 | D:10     | Reached skill level 5 in Necromancy
  9910 | D:10     | Reached skill level 5 in Translocations
  9910 | D:10     | Reached skill level 5 in Transmutations
  9910 | D:10     | Reached skill level 5 in Fire Magic
  9910 | D:10     | Reached skill level 5 in Ice Magic
  9910 | D:10     | Reached skill level 5 in Air Magic
  9910 | D:10     | Reached skill level 5 in Earth Magic
  9910 | D:10     | Reached skill level 5 in Poison Magic
 10047 | D:10     | Reached **** piety under Cheibriados
 10056 | D:10     | Noticed a two-headed ogre
 10070 | D:10     | Killed a two-headed ogre
 10088 | D:10     | Noticed a fire dragon
 10102 | D:10     | Killed a fire dragon
 10506 | D:11     | Found a staircase to the Lair.
 10618 | D:11     | Noticed a two-headed ogre
 10623 | D:11     | Noticed a brown ugly thing
 10624 | D:11     | Noticed a red ugly thing
 10625 | D:11     | Killed a two-headed ogre
 10634 | D:11     | Noticed a cyan ugly thing
 11110 | D:11     | Killed a red ugly thing
 11110 | D:11     | Reached XP level 12. HP: 93/93 MP: 18/24
 11194 | D:11     | Found a staircase to the Orcish Mines.
 11416 | Lair:1   | Entered Level 1 of the Lair of Beasts
 11436 | Lair:1   | Found a runed translucent door.
 11438 | Lair:1   | Noticed Morgon's ghost (journeyman NaTm)
 11523 | Lair:1   | Noticed an eight-headed hydra
 11534 | Lair:1   | Killed an eight-headed hydra
 12278 | Lair:1   | Noticed a six-headed hydra
 12289 | Lair:1   | Killed a six-headed hydra
 12540 | Lair:1   | Noticed a seven-headed hydra
 12551 | Lair:1   | Killed a seven-headed hydra
 12896 | Lair:2   | Reached skill level 9 in Spellcasting
 14099 | Lair:2   | Found a staircase to the Shoals.
 14128 | Lair:2   | Reached XP level 13. HP: 65/101 MP: 26/26
 14296 | Lair:2   | Got a bloodstained broad axe
 14297 | Lair:2   | Identified the cursed +1 broad axe of Disgust {elec, rC+
                  | Str+4 Dex+2} (You found it on level 2 of the Lair of
                  | Beasts)
 14925 | Lair:3   | Reached ***** piety under Cheibriados
 16080 | Lair:4   | Noticed Josephine
 16314 | Lair:4   | Killed Josephine
 16566 | Lair:4   | Found a hole to the Spider Nest.
 16682 | Lair:4   | Found a basalt altar of Yredelemnul.
 17418 | Lair:5   | Found a gate leading to a gauntlet.
 17442 | Gauntlet | Entered a Gauntlet
 17442 | Gauntlet | Found a transporter.
 17442 | Gauntlet | Found a transporter.
 17442 | Gauntlet | Found a transporter.
 17576 | Gauntlet | Found a transporter.
 17580 | Gauntlet | Found a transporter.
 17596 | Gauntlet | Found a transporter.
 17625 | Gauntlet | Found a transporter.
 17634 | Gauntlet | Found a transporter.
 17644 | Gauntlet | Found a transporter.
 17644 | Gauntlet | Found a transporter.
 17655 | Gauntlet | Found a transporter.
 17656 | Gauntlet | Found a transporter.
 17855 | Gauntlet | Reached skill level 10 in Spellcasting
 17858 | Gauntlet | Got a pair of translucent gloves
 17869 | Gauntlet | Identified the +0 pair of gloves of Freedom {rElec Int+4}
                  | (You found it in a Gauntlet)
 17901 | Gauntlet | Reached XP level 14. HP: 89/109 MP: 17/28
 17976 | Gauntlet | Slain by a minotaur

Skill      XL: |  1  2  3  4  5  6  7  8  9 10 11 12 13 |
---------------+----------------------------------------+-----
Spellcasting   | 5 6 7 8 9 10 | 10.0
Short Blades   | 1 2 3 4 5 6 7 8 |  8.6
Long Blades    | 1 2 3 4 5 6 7 8 |  8.6
Axes           | 1 2 3 4 5 6 7 8 |  8.6
Maces & Flails | 1 2 3 4 5 6 7 8 |  8.6
Staves         | 1 2 3 4 5 6 7 8 |  8.6
Slings         | 1 2 3 4 5 6 7 8 |  8.6
Bows           | 1 2 3 4 5 6 7 8 |  8.6
Crossbows      | 1 2 3 4 5 6 7 8 |  8.6
Throwing       | 1 2 3 4 5 6 7 8 |  8.6
Stealth        | 1 2 3 4 5 6 7 8 |  8.6
Shields        | 1 2 3 4 5 6 7 8 |  8.6
Unarmed Combat | 1 2 3 4 5 6 7 8 |  8.6
Invocations    | 1 2 3 4 5 6 7 8 9 |  9.4
Evocations     | 1 2 3 4 5 6 7 8 |  8.6
Conjurations   | 1 2 3 4 5 6 7 |  7.2
Hexes          | 1 2 3 4 5 6 7 |  7.2
Summonings     | 1 2 3 4 5 6 7 |  7.2
Necromancy     | 1 2 3 4 5 6 7 |  7.2
Translocations | 1 2 3 4 5 6 7 |  7.2
Transmutations | 1 2 3 4 5 6 7 |  7.2
Fire Magic     | 1 2 3 4 5 6 7 |  7.2
Ice Magic      | 1 2 3 4 5 6 7 |  7.2
Air Magic      | 1 2 3 4 5 6 7 |  7.2
Earth Magic    | 1 2 3 4 5 6 7 |  7.2
Poison Magic   | 1 2 3 4 5 6 7 |  7.2
Armour         | 3 4 5 6 7 8 9 |  9.1
Fighting       | 5 6 7 8 9 |  9.8
Polearms       | 5 6 7 8 9 |  9.8
Dodging        | 5 6 7 8 9 |  9.8
Charms         | 6 7 8 9 |  9.1

Action                   |  1- 3 |  4- 6 |  7- 9 | 10-12 | 13-15 || total
-------------------------+-------+-------+-------+-------+-------++-------
Melee: Spear             |    48 |    38 |       |       |       ||    86
       Bite              |     2 |     6 |    32 |    75 |    39 ||   154
       Trident           |       |   106 |   365 |   420 |     3 ||   894
       Punch             |       |       |     2 |    23 |    10 ||    35
       Broad axe         |       |       |       |       |   166 ||   166
 Fire: Hunting sling     |       |       |     2 |    27 |     6 ||    35
 Cast: Infusion          |     3 |     6 |    12 |     3 |     5 ||    29
       Shroud of Golubri |       |       |    10 |     9 |    10 ||    29
       Regeneration      |       |       |     7 |     7 |    10 ||    24
       Mephitic Cloud    |       |       |       |    29 |    20 ||    49
       Song of Slaying   |       |       |       |       |     1 ||     1
Invok: Bend Time         |       |       |       |     1 |     3 ||     4
       Slouch            |       |       |       |     3 |     2 ||     5
Evoke: Wand              |       |       |       |     5 |     6 ||    11
       Phial of floods   |       |       |       |       |     1 ||     1
  Use: Scroll            |       |       |     9 |    12 |    10 ||    31
       Potion            |       |       |     1 |     2 |     2 ||     5
 Stab: Sleeping          |     2 |    16 |    15 |    14 |     7 ||    54
       Confused          |       |       |       |    13 |    13 ||    26
       Paralysed         |       |       |       |     8 |       ||     8
       Distracted        |       |       |       |     1 |     1 ||     2
  Eat: Chunk             |       |     7 |    15 |     8 |     6 ||    36
       Ration            |       |       |       |     1 |     1 ||     2
Armor: Leather armour    |    11 |    30 |       |       |       ||    41
       Ring mail         |       |     6 |    86 |   111 |    20 ||   223
       Steam dragon scal |       |       |       |       |    22 ||    22
Dodge: Dodged            |    19 |    87 |   252 |   385 |   233 ||   976
